 Dungeon Crawl Stone Soup version 0.31.0-12-g77e489cdc1 (webtiles) character file.

Game seed: 13154662800360804823

64 Killerpretzel the Changeling (level 4, -1/29 HPs)
             Began as an Octopode Shapeshifter on Mar 2, 2024.
             Slain by an orc wizard
             ... wielding a +0 dagger
              (2 damage)
             ... on level 3 of the Dungeon.
             The game lasted 00:00:53 (1350 turns).

Killerpretzel the Changeling (OpSh)                 Turns: 1350, Time: 00:00:54

Health: -1/29      AC:  1    Str: 13    XL:     4   Next: 12%
Magic:  4/4        EV: 18    Int: 12    God:
Gold:   159        SH:  0    Dex: 13    Spells: 3/3 levels left

rFire   . .          .
                       - Unarmed
rCold   . . .        (no shield)
rNeg    . . .        (helmet currently unavailable)
rPois   .            (no amulet)
rElec   .            g - +5 ring of evasion
rCorr   .            (no ring)
SInv    .            (no ring)
Will    .....        (no ring)
Stlth   ++           (no ring)
HPRegen 0.24/turn    (no ring)
MPRegen 0.09/turn    (no ring)
                     (no ring)

%: no passive effects
@: beast-form
A: beast (slay +2), almost no armour, amphibious, 8 rings, camouflage 1,
gelatinous body 1, (nimble swimmer 1), tentacles
a: Begin Untransformation


You were on level 3 of the Dungeon.
You were a hulking beast.
You visited 1 branch of the dungeon, and saw 3 of its levels.

You collected 159 gold pieces.

Inventory:

Jewellery
 g - a +5 ring of evasion (left tentacle)
Talismans
 b - a beast talisman
 c - a flux talisman
Scrolls
 e - a scroll of identify
Potions
 a - a potion of lignification
 d - a potion of curing
 h - a potion of brilliance
 i - a potion of heal wounds {unknown}


   Skills:
 + Level 1.8 Fighting
 + Level 2.5 Dodging
 + Level 3.4 Unarmed Combat
 * Level 3.7 Shapeshifting


You had 3 spell levels left.
You didn't know any spells.
Your spell library contained the following spells:

 Spells                   Type           Power      Damage    Failure   Level
 Leda's Liquefaction      Alch/Erth      0%         N/A       97%         4
 Alistair's Intoxication  Alch           0%         N/A       100%        5
 Eringya's Noxious Bog    Alch           0%         4d6       100%        6


Dungeon Overview and Level Annotations

Branches:
Dungeon (3/15)

Altars:
Gozag


Innate Abilities, Weirdness & Mutations

You are a hulking beast.
Your limbs bulge with bestial killing power. (Slay +2)
You cannot wear most types of armour.
You are amphibious.
You can wear up to eight rings at the same time.
Your skin changes colour to match your surroundings (Stealth+).
Your rubbery body absorbs attacks. (AC +1, EV +1)
((You are camouflaged when in or above water. (Stealth+)))
You have tentacles for arms and can constrict up to eight enemies at once.


Message History

You are too injured to fight recklessly!
You are too injured to fight recklessly!
You are too injured to fight recklessly!
You are too injured to fight recklessly!
There are monsters nearby!
You tentacle-slap the orc. You grab the orc.
The orc is lightly wounded.
You constrict the orc.
You release your grip on the orc.
The orc attacks as it pursues you! The orc completely misses you.
The orc misses you.
The orc wizard points at you and mumbles some strange words.
You are confused.
You're too confused to move!
The orc hits you with a +0 hand axe. The orc misses you.
You're too confused to move!
The orc misses you.
You barely miss the orc.
The orc is heavily wounded.
The orc wizard mumbles some strange words.
The orc wizard flickers and vanishes!
Deactivating autopickup; reactivate with Ctrl-A.
You feel less confused. The orc closely misses you. The orc misses you.
The orc closely misses you.
You tentacle-slap the orc. You grab the orc. You squeeze the orc.
You kill the orc!
You closely miss something. Something hits you.
You closely miss something. Your squeeze misses something. Something hits you.
You tentacle-slap something. Something hits you.
You tentacle-slap something but do no damage.
Your squeeze misses something.
You hear some strange, mumbled words.
A magic dart appears from out of thin air!
The magic dart hits you!
* * * LOW HITPOINT WARNING * * *
You miss something.
Your tentacle-slap misses something.
Something hits you.
* * * LOW HITPOINT WARNING * * *
You miss something. Your squeeze misses something. Something hits you.
* * * LOW HITPOINT WARNING * * *
You miss something. Something hits you.
You die...

### #.#.## # ..##
### #.#..##.# ...#
... ... ..... ...#
#.##.#.....! .#.#
#.#.#o..... ##.#
#..oo.....
##.##########
##.#o....
............######o#
...
##.########.....h{o#
o #.# ##########
##.# ...# ####


You could see 2 orcs.

Vanquished Creatures
  Crazy Yiuf (D:2)
  A dart slug (D:2)
  A ribbon worm (D:2)
  An orc (D:3)
  2 ball pythons (D:1)
  4 endoplasms
  2 giant cockroaches
  A hobgoblin (D:2)
  2 kobolds (D:2)
  A quokka (D:2)
  A bat (D:1)
  A frilled lizard (D:2)
  6 goblins
  6 rats
30 creatures vanquished.

Notes
Turn   | Place    | Note
-------+----------+-------------------------------------------
     0 | D:1      | Killerpretzel the Octopode Shapeshifter began the quest for
                  | the Orb.
     0 | D:1      | Reached XP level 1. HP: 13/13 MP: 1/1
    86 | D:1      | Reached XP level 2. HP: 12/18 MP: 2/2
   309 | D:1      | Got the Parchment of Esoterica
   432 | D:2      | Found a runed translucent door.
   433 | D:2      | Noticed Crazy Yiuf
   689 | D:2      | Reached XP level 3. HP: 18/23 MP: 3/3
  1188 | D:2      | Killed Crazy Yiuf
  1189 | D:2      | Reached XP level 4. HP: 29/29 MP: 4/4
  1278 | D:3      | Found an opulent altar of Gozag.
  1349 | D:3      | HP: 1/29 [something (3)]
  1350 | D:3      | Slain by an orc wizard

Illustrated notes

Levels and vault maps discovered:
D:1:      orjb1_clovarrival, layout_rooms
D:2:      layout_basic, chequers_serial_rivers_marsh, uniq_crazy_yiuf_cottage
D:3:      layout_loops_ring, grunt_gozag_breadcrumbs, kennysheep_jessica_study,
          uniq_sigmund

Action                     |  1- 3 |  4- 6 || total
---------------------------+-------+-------++-------
  Melee: Unarmed           |    57 |    10 ||    67
         Constrict         |    16 |     2 ||    18
         Tentacles         |     8 |     1 ||     9
         Punch             |     1 |       ||     1
    Use: Scroll            |       |     4 ||     4
   Stab: Sleeping          |     7 |       ||     7
 Armour: Skin              |    15 |     9 ||    24
  Dodge: Dodged            |    31 |     9 ||    40
